[Event "*** Titled Tuesday Blitz"]
[Site "Chess.com"]
[Date "2021.02.16"]
[Round "3"]
[White "Godzillator"]
[Black "Pintacara"]
[Result "1/2-1/2"]
[WhiteElo "2271"]
[BlackElo "2494"]
[TimeControl "180+1"]
[EndTime "10:31:54 PST"]
[Termination "Game drawn - insufficient material"]

1. d4 Nf6 2. c4 e6 3. Nc3 d5 4. cxd5 exd5 5. Bg5 Nbd7 6. e3 c6 7. Bd3 Be7 8. Qc2 Nf8 9. Bf4 Ne6 10. Be5 g6 11. Nf3 O-O 12. O-O Ng7 13. Rab1 Bf5 14. b4 a6 15. a4 Rc8 16. Rfc1 Bxd3 17. Qxd3 Nf5 18. b5 axb5 19. axb5 c5 20. dxc5 Rxc5 21. Ne2 Ne4 22. Ned4 Nxd4 23. Bxd4 Rxc1+ 24. Rxc1 Qd7 25. h3 Rc8 26. Rd1 Nd6 27. Be5 Qxb5 28. Qxb5 Nxb5 29. Rxd5 Nc3 30. Rd7 Bf8 31. Rxb7 Bg7 32. Bxg7 Kxg7 33.
Ne5 Kf6 34. Nxf7 Ne4 35. Nh6 Rc1+ 36. Kh2 Nxf2 37. Ng4+ Nxg4+ 38. hxg4 h6 39. Kg3 Rc2 40. Kf3 Kg5 41. Rb5+ Kf6 42. Rb6+ Kg5 43. g3 Rc1 44. Rb5+ Kf6 45. Kf4 Rf1+ 46. Ke4 Ra1 47. Rb6+ Kg5 48. Kd5 Rd1+ 49. Ke5 Rg1 50. e4 Rxg3 51. Kd6 Rxg4 52. e5 Re4 53. e6 h5 54. e7 h4 55.
Rb5+ Kf6 56. Rb1 Kf7 57. Rf1+ Kg7 58. Kd7 g5 59. e8=Q Rxe8 60. Kxe8 g4 61. Ke7 g3 62. Rf4 Kh6 63. Rxh4+ Kg5 64. Ra4 g2 65. Ra1 Kg4 66. Ke6 Kf3 67. Kf5 Kf2 68. Ra2+ Kf1 69. Kf4 g1=Q 70. Ra1+ Kg2 71. Rxg1+ Kxg1 1/2-1/2

[Event "*** Titled Tuesday Blitz"]
[Site "Chess.com"]
[Date "2021.02.16"]
[Round "3"]
[White "IwkooO"]
[Black "onnoelgersma"]
[Result "0-1"]
[WhiteElo "2618"]
[BlackElo "2434"]
[TimeControl "180+1"]
[EndTime "10:31:56 PST"]
[Termination "onnoelgersma won by resignation"]

1. d4 d5 2. Nf3 Bg4 3. e3 e6 4.
Bd3 Nf6 5. b3 c5 6. Bb2 Nc6 7.
Nbd2 cxd4 8. exd4 Bd6 9. h3 Bh5 10. a3 Rc8 11. O-O O-O 12. Qe2 Re8 13. g4 Bg6 14.
Ne5 Qb6 15. Nxg6 hxg6 16. Nf3 Nd7 17. Rae1 e5 18. dxe5 Ndxe5 19. Kg2 Re7 20. Qe3 Qc7 21. Bb5 Nc4 22. Qc1 Rxe1 23. Rxe1 Bf4 24. Qa1 Nxb2 25. Qxb2 a6 26. Bd3 Qd6 27. h4 b5 28. Rh1 Ne5 29.
Nxe5 Bxe5 30. Qc1 Qf6 31. h5 g5 32. Bf5 Rc3 33. Qd1 Qc6 34. Re1 Qd6 35. Qe2 f6 36.
Rd1 d4 37. Qe4 Qd8 38. Qb7 Rc7 39. Qxa6 b4 40. Qe6+ Kh8 41. axb4 Qa8+ 42. f3 d3 43. Bxd3 Qb8 44. Qf5 Kg8 45. Qh7+ Kf7 46. Qh8 Qxh8 47. Bg6+ Ke7 48. c4 Qb8 49. b5 Qa8 50. Be4 Qa2+ 51.
Kf1 Qh2 52. b6 Rd7 53. Rxd7+ Kxd7 54. c5 Bd4 55. c6+ Ke7 56. Ke1 Bc3+ 57. Kf1 Bd4 58. Ke1 Bxb6 0-1

[Event "*** Titled Tuesday Blitz"]
[Site "Chess.com"]
[Date "2021.02.16"]
[Round "3"]
[White "IngOscarArdila"]
[Black "Chesspirate_Channel"]
[Result "1-0"]
[WhiteElo "2155"]
[BlackElo "2318"]
[TimeControl "180+1"]
[EndTime "10:31:56 PST"]
[Termination "IngOscarArdila won on time"]

1. d4 d5 2. Nf3 Nc6 3. e3 Bg4 4. Be2 Qd7 5. Nbd2 f6 6. h3 Bf5 7. c3 e5 8. dxe5 fxe5 9. Qa4 Nf6 10. Bb5 Bd6 11. Bxc6 bxc6 12. c4 O-O 13. cxd5 cxd5 14. Qxd7 Bxd7 15. O-O Rab8 16. b3 e4 17. Nd4 c5 18.
Ne2 Bb5 19. Re1 Be5 20. Rb1 Bd3 21. Ba3 Bxb1 22. Rxb1 Rfc8 23. f4 exf3 24. Nxf3 Bd6 25. Bb2 c4 26. Nfd4 Be5 27. Rd1 cxb3 28. axb3 Ne4 29.
Ba1 Rb6 30. Nc6 Rcxc6 31. Bxe5 Rxb3 32. Nd4 Re6 33. Nxe6 Rxe3 34. Bd4 Ra3 35. Nxg7 Ng3 36. Kh2 Ne2 37. Ba1 d4 38. Nf5 d3 39. Ng3 h5 40. Nxe2 dxe2 41. Re1 Ra2 42. Bc3 a5 43.
Bxa5 Rxa5 44. Rxe2 Kg7 45. Kg3 Kg6 46. Re4 Kg5 47.
h4+ Kg6 48. Rc4 Ra3+ 49. Kf4 Ra2 50. Rc6+ Kg7 51. g3 Ra5 52. Re6 Ra4+ 53. Re4 Ra5 54. Re5 Ra4+ 55. Kf3 Ra3+ 56. Kf4 1-0

[Event "*** Titled Tuesday Blitz"]
[Site "Chess.com"]
[Date "2021.02.16"]
[Round "3"]
[White "AlexOstrovskiy"]
[Black "xberli"]
[Result "0-1"]
[WhiteElo "2750"]
[BlackElo "2502"]
[TimeControl "180+1"]
[EndTime "10:31:57 PST"]
[Termination "xberli won by checkmate"]

1. d4 g6 2. e4 b6 3. Bc4 Bg7 4. c3 Bb7 5. Qe2 Nf6 6. Nd2 d5 7. exd5 Nxd5 8. Ne4 O-O 9. Nf3 Nd7 10. Bg5 h6 11. Bd2 c5 12. dxc5 Nxc5 13. Nxc5 bxc5 14. O-O Qc7 15. Rfe1 e6 16. Ne5 Rad8 17. Rad1 Nb6 18.
Bb3 Kh7 19. Bc2 Nd7 20. Ng4 Nf6 21. Ne5 Nd7 22. Nc4 Nf6 23. f3 Nd5 24. Ne5 Qb6 25.
c4 Nb4 26. Bb1 Nc6 27. Nxf7 Rxf7 28. Qxe6 Rf6 29. Qg4 Qc7 30. Bc3 Nd4 31. h4 Kh8 32. Bxg6 Qf4 33. Qxf4 Rxf4 34. h5 Rdf8 35. Bd2 R4f6 36.
b3 Bc8 37. Be3 Bf5 38. Bxf5 Rxf5 39. Bf2 Rxh5 40. Re7 Rg5 41. Kf1 Re5 42. Rxa7 Rfe8 43. Rc7 Re2 44. Rxc5 Nc2 45. Rc7 Nb4 46. Rdd7 Bc3 47.
Bd4+ Bxd4 48. Rxd4 Rxa2 49. Rdd7 Nc2 50. Rh7+ Kg8 51.
Rcg7+ Kf8 52. Rf7+ Kg8 53. Rhg7+ Kh8 54. Kg1 Nd4 55. Rh7+ Kg8 56. Rhg7+ Kh8 57. Rd7 Ne6 58. Rh7+ Kg8 59. Rxh6 Nf4 60. Rh4 Re1+ 61. Kh2 Rxg2# 0-1

[Event "*** Titled Tuesday Blitz"]
[Site "Chess.com"]
[Date "2021.02.16"]
[Round "3"]
[White "kidagent"]
[Black "stolencandy13"]
[Result "1-0"]
[WhiteElo "2314"]
[BlackElo "2499"]
[TimeControl "180+1"]
[EndTime "10:31:57 PST"]
[Termination "kidagent won by checkmate"]

1. e4 c6 2. d4 d5 3. Nd2 dxe4 4. Nxe4 Bf5 5. Ng3 Bg6 6. Nf3 Nd7 7. h4 h6 8. h5 Bh7 9. Bd3 Bxd3 10. Qxd3 e6 11. Bd2 Ngf6 12. O-O-O Be7 13. Kb1 O-O 14. Ne4 Nxe4 15.
Qxe4 Nf6 16. Qe2 Qd5 17. g4 Nxg4 18. Rdg1 f5 19. c4 Qe4+ 20. Qxe4 fxe4 21. Rxg4 Rxf3 22. Bxh6 Bf6 23. Rhg1 Rxf2 24. Bxg7 Bxg7 25. Rxg7+ Kh8 26. Rxb7 e3 27. Re1 e2 28. Kc2 Rd8 29. Kd3 e5 30. Ke3 Rh2 31. dxe5 Re8 32. Rxa7 Rxe5+ 33. Kd2 Re4 34. b3 c5 35. Rd7 Re6 36. Rd3 Ra6 37.
a4 Re6 38. Re3 Rd6+ 39. Kc2 Rxh5 40. R1xe2 Rb6 41. Re5 Rh3 42. R2e3 Rh2+ 43. Kc3 Rc6 44. Rg3 Rh1 45. Kb2 Rc7 46. a5 Rh2+ 47. Ka3 Rc6 48. Ka4 Rc7 49. Kb5 Rh6 50. Rxc5 Rb7+ 51. Ka4 Ra7 52.
b4 Rh1 53. b5 Ra1+ 54. Kb4 Rb1+ 55. Kc3 Rh1 56. a6 Rf7 57. b6 Rc1+ 58. Kd2 Rh1 59. b7 Rf2+ 60. Ke3 Rb2 61. Rc8+ Kh7 62. b8=Q Re1+ 63.
Kf4 Rf2+ 64. Kg4 Re4+ 65. Kh3 Rff4 66. Rh8# 1-0

[Event "*** Titled Tuesday Blitz"]
[Site "Chess.com"]
[Date "2021.02.16"]
[Round "3"]
[White "DenLaz"]
[Black "Zurability"]
[Result "1-0"]
[WhiteElo "2786"]
[BlackElo "2601"]
[TimeControl "180+1"]
[EndTime "10:31:59 PST"]
[Termination "DenLaz won by resignation"]

1. d4 Nf6 2. c4 e6 3. Nf3 d5 4.
Nc3 Be7 5. Bg5 O-O 6. e3 h6 7.
Bxf6 Bxf6 8. Rc1 b6 9. Bd3 Bb7 10. cxd5 exd5 11. O-O Nd7 12. Qe2 c5 13. Ba6 Qc8 14.
Bxb7 Qxb7 15. dxc5 bxc5 16. Rfd1 Nb6 17. Qb5 Rac8 18.
Nxd5 Bd8 19. Nxb6 axb6 20. Ne5 Bc7 21. Nc4 Rcd8 22. a4 Qe4 23. Qb3 h5 24. h3 Qe6 25. Qc2 Qc6 26. b3 Bb8 27. Rxd8 Rxd8 28. Rd1 Rxd1+ 29. Qxd1 Qc7 30. f4 g6 31. Qd5 Kg7 32. g3 Qe7 33. Kg2 Bc7 34. Kf3 Qe8 35. e4 h4 36. g4 Qe7 37. e5 Kf8 38. Nd2 g5 39. Nc4 gxf4 40. Kxf4 f6 41. Kf3 fxe5 42. Qe4 Kg7 43. Qf5 Bb8 44. Ne3 Kg8 45. Qg6+ Kf8 46. Nf5 Qf7 47. Qxf7+ Kxf7 48. Nxh4 Kf6 49. Ke4 Ke6 50. Nf3 Bd6 51. g5 Be7 52. h4 Bd8 53. Nxe5 Bc7 54. Nc4 Bd8 55. g6 Kf6 56. h5 Kg7 57.
Kd5 Kh6 58. Kc6 Bf6 59. Nxb6 Kxh5 60. Nd7 Bd4 61. Nxc5 Kxg6 62. a5 Kf7 63. a6 1-0

[Event "*** Titled Tuesday Blitz"]
[Site "Chess.com"]
[Date "2021.02.16"]
[Round "3"]
[White "NiranjanNavalgund"]
[Black "wnstop"]
[Result "0-1"]
[WhiteElo "2470"]
[BlackElo "2711"]
[TimeControl "180+1"]
[EndTime "10:31:59 PST"]
[Termination "wnstop won by resignation"]

1. d4 Nf6 2. c4 e6 3. Nc3 Bb4 4. Bd2 O-O 5. e3 b6 6. Bd3 Bb7 7. Nf3 d5 8. cxd5 exd5 9. Ne5 Re8 10. Qf3 Nbd7 11. a3 Bd6 12. Nxd7 Qxd7 13. Bf5 Qe7 14. O-O a6 15. Qh3 g6 16. Bc2 c5 17. Na4 Bc8 18.
Qh4 Rb8 19. dxc5 bxc5 20. Rab1 Ne4 21. Qxe7 Rxe7 22. Ba5 Bd7 23. Nb6 Bc6 24. Rfd1 Nf6 25. Nc4 Bxh2+ 26. Kxh2 dxc4 27. Rd6 Re6 28. Rxe6 fxe6 29.
f3 Nd5 30. Be4 Kf7 31. Kg1 Ba4 32. Kf2 h5 33. Ke1 Nxe3 34. Kf2 Nf5 35. Bc3 Nd4 36. g3 e5 37. g4 h4 38. Bd5+ Kf6 39. Bxc4 g5 40. b4 cxb4 41. axb4 Bb5 42. Bd5 Rc8 43.
Bxd4 exd4 44. Be4 Ke5 45. Re1 Kd6 46. Bf5 Re8 47. Rd1 Re2+ 48. Kg1 Ke5 49. Rc1 Kf4 50. Be4 Kg3 51. Kh1 h3 52. Kg1 h2+ 53. Kh1 Rxe4 54. fxe4 Be2 55. Rg1+ hxg1=Q+ 56. Kxg1 d3 57. e5 d2 0-1

[Event "*** Titled Tuesday Blitz"]
[Site "Chess.com"]
[Date "2021.02.16"]
[Round "3"]
[White "TC2304"]
[Black "Hypercar"]
[Result "1-0"]
[WhiteElo "2342"]
[BlackElo "2517"]
[TimeControl "180+1"]
[EndTime "10:31:59 PST"]
[Termination "TC2304 won by resignation"]

1. d4 c5 2. d5 d6 3. Nc3 Nf6 4.
e4 g6 5. Nf3 Bg7 6. Bb5+ Bd7 7.
a4 a6 8. Be2 O-O 9. O-O Bg4 10.
Nd2 Bxe2 11. Qxe2 Nbd7 12. Nc4 h5 13. Rb1 Ng4 14. f4 b5 15. axb5 axb5 16. Nxb5 Rb8 17. Ne3 Qa5 18. c4 Ngf6 19. e5 dxe5 20. f5 e4 21. Bd2 Qb6 22. Bc3 Ra8 23. Kh1 Qb8 24.
b3 Ne5 25. d6 exd6 26. fxg6 fxg6 27. Nd5 Nxd5 28. cxd5 Qb6 29. h3 Rxf1+ 30. Qxf1 Rb8 31. Na3 Rf8 32. Qe2 Qa7 33. Nc4 Nxc4 34. Qxc4 Bxc3 35. Qxc3 Qf7 36. Qc4 Qf4 37. Re1 e3 38. Qxf4 Rxf4 39. Rxe3 Rd4 40. Re6 Rxd5 41. Rxg6+ Kf7 42.
Rh6 Rd1+ 43. Kh2 Rd3 44. Rxh5 Rxb3 45. Rd5 Ke6 46. Rd1 c4 47. Kg1 d5 48. Kf2 Ke5 49.
h4 d4 50. h5 d3 51. h6 Rb7 52.
Ke3 Kd5 53. Rh1 Re7+ 54. Kd2 Kd4 55. Rh4+ Kd5 56. Kc3 Re2 57. h7 Rc2+ 58. Kb4 d2 59.
h8=Q d1=Q 60. Qd8+ Ke5 61. Qxd1 Rxg2 62. Qd4+ Kf5 63. Rh5+ Kg6 64. Rd5 Rg4 65. Qxg4+ 1-0

[Event "*** Titled Tuesday Blitz"]
[Site "Chess.com"]
[Date "2021.02.16"]
[Round "3"]
[White "ukchessbomber"]
[Black "kamilianin235"]
[Result "0-1"]
[WhiteElo "2467"]
[BlackElo "2179"]
[TimeControl "180+1"]
[EndTime "10:31:59 PST"]
[Termination "kamilianin235 won by checkmate"]

1. d4 d5 2. c4 dxc4 3. e4 c5 4. d5 e6 5. Bxc4 Nf6 6. Nc3 exd5 7. exd5 a6 8. a4 Bd6 9. Nf3 O-O 10. O-O Bg4 11. h3 Bh5 12. a5 Nbd7 13. Bg5 h6 14. Bh4 Qc7 15. Qd2 Bxf3 16. gxf3 Bf4 17. d6 Bxd6 18.
Bxf6 Nxf6 19. Kh1 Bf4 20. Qc2 Qe5 21. Ne4 Qf5 22. Nxf6+ Qxf6 23. Rg1 Qh4 24. Qf5 Kh8 25. Bd3 g6 26. Qg4 Qf6 27. Ra4 Bc7 28. Rc4 h5 29. Qg2 Rad8 30. Bb1 Qd6 31. f4 Bxa5 32. f5 Rg8 33.
Rh4 Bc7 34. fxg6 fxg6 35. f4 Qf6 36. Qg5 Qxg5 37. Rxg5 Rd1+ 38. Rg1 Rxg1+ 39. Kxg1 Bd8 40. Rg4 hxg4 41. hxg4 Kg7 42. Kg2 Rf8 43. Kf3 Bc7 44. f5 gxf5 45. gxf5 Kf6 46. Ke4 Re8+ 47. Kd5 Re5+ 48.
Kc4 Rxf5 49. Bxf5 Kxf5 50. Kd5 Bb6 51. Kc4 Ke5 52. Kb3 Kd4 53. Kc2 c4 54. Kb1 Kd3 55.
b3 c3 56. Kc1 c2 57. Kb2 Bd4+ 58. Kc1 Be3+ 59. Kb2 c1=Q+ 60. Ka2 Bd4 61. b4 Qb2# 0-1

[Event "*** Titled Tuesday Blitz"]
[Site "Chess.com"]
[Date "2021.02.16"]
[Round "3"]
[White "ketster"]
[Black "LEGENYA1998"]
[Result "0-1"]
[WhiteElo "2445"]
[BlackElo "2286"]
[TimeControl "180+1"]
[EndTime "10:32:00 PST"]
[Termination "LEGENYA1998 won on time"]

1. d4 c6 2. c4 d5 3. Nf3 dxc4 4. g3 Nf6 5. Bg2 Bf5 6. Ne5 e6 7. O-O Nbd7 8. Nxc4 Be7 9. Nc3 O-O 10. e4 Bg6 11. Be3 b5 12. Ne5 Nxe5 13. dxe5 Nd7 14. f4 f5 15.
exf6 Nxf6 16. Qb3 b4 17. Ne2 Kh8 18. Rad1 Qc8 19. Nd4 Ng4 20. Bc1 Bf7 21. Qf3 Nf6 22. Be3 c5 23. Nb3 Bg6 24. f5 Bh5 25. Qf4 Bxd1 26. Rxd1 exf5 27. exf5 Rb8 28. Qe5 Re8 29. Bf4 Rb6 30. Qe3 Bf8 31. Qf3 Qxf5 32. h3 h6 33. Na5 g5 34. Bc7 Qxf3 35. Bxf3 Rbe6 36.
Nc6 Re1+ 37. Rxe1 Rxe1+ 38. Kf2 Rb1 39. Be5 Bg7 40. Ke3 Nd7 41. Bxg7+ Kxg7 42. b3 Rb2 43. Nxa7 Rxa2 44. Nb5 Rb2 45. Bd5 Nb6 46. Be6 Kf6 47. Nc7 Ke5 48. Bg8 c4 49. bxc4 b3 50. c5 Nd7 51. c6 Nb8 52. Nb5 Nxc6 53. Kd3 Rg2 54. Bxb3 Rxg3+ 55. Kc4 Na5+ 56. Kb4 Nxb3 57. Nc3 Nd4 58. Kc4 Rxh3 59. Ne4 Kxe4 60. Kc5 Rc3+ 0-1

[Event "*** Titled Tuesday Blitz"]
[Site "Chess.com"]
[Date "2021.02.16"]
[Round "3"]
[White "VFernandezB"]
[Black "AcostaPablo"]
[Result "1/2-1/2"]
[WhiteElo "2433"]
[BlackElo "2657"]
[TimeControl "180+1"]
[EndTime "10:32:01 PST"]
[Termination "Game drawn by stalemate"]

1. e4 e6 2. d4 d5 3. Bd3 c5 4.
dxc5 Bxc5 5. exd5 Qxd5 6. Nf3 Nf6 7. O-O O-O 8. h3 Nc6 9. Nc3 Qd8 10. Bg5 Be7 11. Qe2 a6 12. Rad1 Qa5 13. Ne4 Nxe4 14. Qxe4 f5 15. Qh4 Bxg5 16. Nxg5 h6 17. Nf3 Qd8 18.
Qxd8 Rxd8 19. Bc4 Rxd1 20. Rxd1 Kf7 21. Nd4 Nxd4 22. Rxd4 Ke7 23. f4 b5 24. Bb3 Bd7 25.
Kf2 g5 26. g4 gxf4 27. gxf5 exf5 28. Rxf4 Rc8 29. c3 a5 30. a4 Rb8 31. Kg3 Be6 32. Bxe6 Kxe6 33. Rh4 Ke5 34. b3 bxa4 35. Rxa4 Rxb3 36.
Rxa5+ Ke4 37. Rc5 f4+ 38. Kf2 Rb2+ 39. Kf1 f3 40. Rc8 Kf4 41. c4 Kg3 42. Rg8+ Kxh3 43. c5 Rc2 44. Rf8 Kg3 45. Rg8+ Kf4 46. Rf8+ Ke4 47. Re8+ Kd4 48. Rh8 Rxc5 49. Rxh6 Ke3 50. Re6+ Kf4 51. Re8 Rg5 52. Rf8+ Kg3 53. Rf7 Rg6 54.
Rf8 Rg4 55. Rf7 Rh4 56. Rg7+ Kf4 57. Rf7+ Ke3 58. Re7+ Re4 59. Rxe4+ Kxe4 60. Kf2 Kf4 61. Kf1 Kg3 62. Kg1 f2+ 63. Kf1 Kf3 1/2-1/2

[Event "*** Titled Tuesday Blitz"]
[Site "Chess.com"]
[Date "2021.02.16"]
[Round "3"]
[White "GameOverBro"]
[Black "GianmarcoVaR"]
[Result "0-1"]
[WhiteElo "2421"]
[BlackElo "2651"]
[TimeControl "180+1"]
[EndTime "10:32:03 PST"]
[Termination "GianmarcoVaR won by resignation"]

1. e4 c6 2. Nc3 d5 3. Nf3 dxe4 4. Nxe4 Nf6 5. Qe2 Nxe4 6. Qxe4 Qa5 7. Bd3 Nd7 8. Qe2 Nc5 9. Bc4 Be6 10. O-O Bxc4 11.
Qxc4 e6 12. b4 Qa6 13. Qg4 Nd7 14. Bb2 Nf6 15. Bxf6 gxf6 16. a4 f5 17. Qd4 Rg8 18. b5 Qb6 19. Qh4 Bg7 20. Rab1 c5 21. Qxh7 Ke7 22.
Qh4+ Bf6 23. Qc4 Rg4 24. Qe2 Rxa4 25. c4 Ra2 26. Rfd1 Rh8 27. Qe3 Qd6 28. g3 Rb2 29.
Rxb2 Bxb2 30. Nh4 Kf8 31. Qf3 Bf6 32. Ng2 Qd7 33. Nf4 Bd4 34. Kg2 Kg7 35. h4 a6 36.
bxa6 bxa6 37. Nh5+ Kh6 38. Nf4 Qd8 39. Rb1 Kg7 40. Rb7 Qe8 41. Ra7 Kh6 42. Rxa6 Qb8 43. Qh5+ Kg7 44. Qg5+ Kh7 45. Rc6 Qb7 46. Nd5 Qxc6 47.
Qh5+ Kg7 48. Qg5+ Kf8 49. Qd8+ Qe8 50. Qd6+ Kg7 51. Nf4 Qa8+ 52. Kh3 Qd8 53. Qc6 Qf6 54. Qf3 Be5 55. Nh5+ Rxh5 56. Qxh5 Qg6 57. Qf3 Bd4 58. Kh2 Qh6 59. Qb7 Qxd2 60. h5 Qxf2+ 61. Kh3 Qf1+ 62. Kh2 Bg1+ 63. Kh1 Bf2+ 64. Kh2 Qg1+ 0-1

[Event "*** Titled Tuesday Blitz"]
[Site "Chess.com"]
[Date "2021.02.16"]
[Round "3"]
[White "Zmeeed63"]
[Black "ErikRonka"]
[Result "1-0"]
[WhiteElo "2478"]
[BlackElo "2488"]
[TimeControl "180+1"]
[EndTime "10:32:03 PST"]
[Termination "Zmeeed63 won by resignation"]

1. d4 d5 2. c4 e6 3. Nc3 a6 4.
e3 Nf6 5. Nf3 c6 6. b3 c5 7.
cxd5 exd5 8. dxc5 Bxc5 9. Be2 Nc6 10. O-O O-O 11. Bb2 Ba7 12. Rc1 d4 13. exd4 Nxd4 14. Nxd4 Bxd4 15. Bf3 Rb8 16. Qc2 Qa5 17. Rfd1 Bf5 18.
Qe2 Rfe8 19. Qc4 Ba7 20. Nd5 Ne4 21. b4 Bxf2+ 22. Kf1 Qa4 23. Bxe4 Rxe4 24. Qc7 Rbe8 25. Kxf2 Re2+ 26. Kg1 Rxb2 27. Ne7+ Kh8 28. Nxf5 Qxa2 29. Qg3 Rg8 30. Rc8 Rxg2+ 31. Qxg2 Qxg2+ 32. Kxg2 Rxc8 33. Nd6 Rb8 34. Nxf7+ Kg8 35. Rd8+ Rxd8 36. Nxd8 b6 37.
Nc6 a5 38. b5 Kf7 39. Kf3 Ke6 40. Ke4 Kd6 41. Kd4 g6 42. Ne5 g5 43. Nc4+ Kc7 44.
Ke5 h5 45. Kf5 g4 46. Kg5 a4 47. Kxh5 Kd7 48. Kxg4 Ke6 49. h4 Kd5 50. h5 Kxc4 51. h6 Kxb5 52. h7 Kb4 53. h8=Q Kb3 54. Qa1 b5 55.
Kf3 b4 56. Ke3 a3 57. Kd3 a2 58. Qc1 Ka4 59. Qb2 b3 60. Kc3 Ka5 61. Kxb3 a1=Q 62.
Qxa1+ 1-0

[Event "*** Titled Tuesday Blitz"]
[Site "Chess.com"]
[Date "2021.02.16"]
[Round "3"]
[White "esapunov"]
[Black "jefferyx"]
[Result "0-1"]
[WhiteElo "2675"]
[BlackElo "2983"]
[TimeControl "180+1"]
[EndTime "10:32:06 PST"]
[Termination "jefferyx won on time"]

1. c4 g6 2. g3 Bg7 3. Bg2 d6 4. d4 Nc6 5. Nf3 Bd7 6. Nc3 Qc8 7. O-O Bh3 8. Qa4 Bd7 9. Qd1 Bh3 10. Qa4 Bxg2 11. Kxg2 Qd7 12. Rd1 Nf6 13. Bf4 O-O 14. Rac1 a6 15. h3 Rfb8 16. d5 Na7 17. c5 dxc5 18. Qxd7 Nxd7 19. Bxc7 Rc8 20. Bf4 Nb5 21.
e4 Nd6 22. Nd2 b5 23. b3 Ne5 24. Bxe5 Bxe5 25. f4 Bd4 26. g4 c4 27. e5 cxb3 28.
Ne2 Rxc1 29. Rxc1 Bb2 30. Rd1 bxa2 31. exd6 exd6 32. Nb3 Rc8 33. Rd2 a1=Q 34. Nxa1 Bxa1 35. Ra2 Bg7 36. Rxa6 Rb8 37. Nc1 b4 38. Nb3 Bf8 39. Kf2 Rb5 40. Ra8 Rxd5 41. Rb8 Rd3 42. Rxb4 Rxh3 43.
Rb7 Rc3 44. Nd2 d5 45. Nf3 Bc5+ 46. Kg2 d4 47. Rd7 d3 48. Ne5 Rc2+ 49. Kf3 d2 50. g5 Bb4 51. Ng4 Kf8 52. Nf2 Rc1 53. Rd3 Re1 54. Rd5 Ke7 55. Rd3 Bc5 56. Rxd2 Re3+ 57. Kg4 Re6 0-1

[Event "*** Titled Tuesday Blitz"]
[Site "Chess.com"]
[Date "2021.02.16"]
[Round "3"]
[White "Moultino06"]
[Black "EdmundPlayer"]
[Result "1-0"]
[WhiteElo "2486"]
[BlackElo "2185"]
[TimeControl "180+1"]
[EndTime "10:32:09 PST"]
[Termination "Moultino06 won by checkmate"]

1. d4 d5 2. c4 dxc4 3. Nf3 Nf6 4. e3 Bg4 5. Bxc4 e6 6. h3 Bh5 7.
Nc3 a6 8. g4 Bg6 9. Ne5 Nbd7 10. Nxg6 hxg6 11. Qf3 c6 12. Bd2 Qc7 13. g5 Nd5 14.
O-O-O Be7 15. h4 Nxc3 16. Bxc3 Nb6 17. Ba5 Bd8 18. h5 Rxh5 19. Rxh5 gxh5 20. Qxh5 Qe7 21. Bxb6 Bxb6 22. Bxe6 g6 23. Qh8+ Qf8 24. Qxf8+ Kxf8 25. Bg4 Ke7 26. Kd2 Rh8 27. Ke2 Rh4 28. Bc8 Rh5 29.
Bxb7 Rxg5 30. Bxc6 Ra5 31. a3 Bc7 32. Rd3 Rh5 33. b4 Rh2 34. Bf3 Bg3 35. Kd1 Rxf2 36. Be2 Rg2 37. e4 Rg1+ 38. Kc2 Ra1 39. Kb3 Rb1+ 40.
Ka4 Bc7 41. Rc3 Kd8 42. Bxa6 Rd1 43. d5 Re1 44. Bd3 Re3 45. Kb5 g5 46. Kc4 g4 47.
Kd4 Rf3 48. Be2 Rxc3 49. Kxc3 g3 50. Bf3 Be5+ 51. Kc4 Kc7 52. a4 Kb6 53. a5+ Ka6 54. Kc5 f6 55. Kc6 Ka7 56. Bg2 Bc3 57.
Kc5 Bd2 58. d6 Kb7 59. a6+ Kc8 60. b5 Be3+ 61. Kc6 Ba7 62. b6 Bb8 63. a7 Bxa7 64.
bxa7 f5 65. a8=Q# 1-0

[Event "*** Titled Tuesday Blitz"]
[Site "Chess.com"]
[Date "2021.02.16"]
[Round "3"]
[White "kobemagic"]
[Black "DenishevM"]
[Result "0-1"]
[WhiteElo "2384"]
[BlackElo "2593"]
[TimeControl "180+1"]
[EndTime "10:32:12 PST"]
[Termination "DenishevM won on time"]

1. c4 c6 2. g3 d5 3. Bg2 Nf6 4. Nf3 Bf5 5. Qb3 Qc8 6. cxd5 cxd5 7. O-O e6 8. d3 Nc6 9. Nc3 Be7 10. Re1 O-O 11.
e4 dxe4 12. dxe4 Bg4 13. Be3 Na5 14. Qa4 Nc4 15. e5 Nd7 16. Bc1 Ndb6 17. Qb3 Na5 18. Qb5 Nc6 19. Bf4 Rd8 20. Rad1 Bxf3 21. Bxf3 Nd4 22.
Qd3 Nc4 23. Qe4 Nxf3+ 24. Qxf3 Nxb2 25. Rxd8+ Bxd8 26. Rb1 Ba5 27. Rxb2 Qxc3 28. Qxc3 Bxc3 29. Rxb7 h6 30. a4 a5 31. Rb5 Bb4 32. Be3 Bc3 33. Kg2 g5 34. Bb6 Kg7 35. f4 Kg6 36. Kf3 h5 37. h3 gxf4 38. gxf4 Kf5 39. Be3 Rd8 40. Rb7 Kg6 41. Rb3 Bb4 42. Ke4 Rd1 43. Rb2 Ra1 44. Rg2+ Kh7 45. f5 Rxa4 46. f6 Bc5+ 47.
Kf3 Ra3 48. Rg7+ Kh8 49. Rxf7 Rxe3+ 50. Kf4 Re1 51. Rc7 Bb4 52. Rc8+ Kh7 53. Rc7+ Kh6 54. Kf3 Rf1+ 55. Ke2 Rf5 56. Rf7 Rxe5+ 0-1

[Event "*** Titled Tuesday Blitz"]
[Site "Chess.com"]
[Date "2021.02.16"]
[Round "3"]
[White "mr_gustavo"]
[Black "Kale36"]
[Result "1/2-1/2"]
[WhiteElo "2385"]
[BlackElo "2221"]
[TimeControl "180+1"]
[EndTime "10:32:12 PST"]
[Termination "Game drawn - insufficient material"]

1. d4 d5 2. c4 Nc6 3. cxd5 Qxd5 4.
Nf3 e5 5. Nc3 Bb4 6. dxe5 Qxd1+ 7. Kxd1 Bg4 8. a3 Bxc3 9. bxc3 Bxf3 10. exf3 Nxe5 11. Bf4 O-O-O+ 12. Kc2 Ng6 13. Be3 a6 14. h4 N8e7 15. h5 Ne5 16. h6 g6 17. Bd4 N7c6 18.
Be3 f5 19. Be2 Rhe8 20. Rad1 b5 21. Bg5 Rxd1 22. Bxd1 Nc4 23. Bc1 a5 24. f4 a4 25.
Bf3 N6a5 26. Rd1 c6 27. g4 Kc7 28. gxf5 gxf5 29. Rg1 Re7 30. Rg7 Kd6 31. Bh5 Nb3 32.
Bg6 Re2+ 33. Kd1 Rxf2 34. Bxh7 Rh2 35. Bxf5 Rxh6 36. Rg6+ Rxg6 37. Bxg6 Nxc1 38. Kxc1 Nxa3 39. Bd3 c5 40. Kb2 b4 41. c4 Ke6 42. Ka2 Nxc4 43.
Bxc4+ Kf5 44. Bb5 a3 45. Kb3 Kxf4 46. Bc4 Ke5 47. Bg8 Kd4 48. Bf7 Kd3 49. Bc4+ Kd2 50.
Bg8 Kc1 51. Ka2 Kc2 52. Bb3+ Kc3 53. Bg8 c4 54. Bf7 Kd3 55. Bg6+ Kd2 56. Bh7 c3 57. Kb3 Kc1 58. Bg6 Kd2 59. Bh7 Kc1 60. Bg6 a2 61. Kxa2 c2 62. Kb3 Kd2 63. Bxc2 Kc1 64.
Kxb4 1/2-1/2

[Event "*** Titled Tuesday Blitz"]
[Site "Chess.com"]
[Date "2021.02.16"]
[Round "3"]
[White "Nuvas"]
[Black "dodorox"]
[Result "1-0"]
[WhiteElo "2487"]
[BlackElo "2199"]
[TimeControl "180+1"]
[EndTime "10:32:14 PST"]
[Termination "Nuvas won on time"]

1. d4 Nf6 2. c4 e6 3. Nc3 d5 4. cxd5 exd5 5. Bg5 Be7 6. e3 h6 7. Bh4 Nbd7 8. Bd3 c6 9. Nge2 Nh5 10. Bxe7 Qxe7 11.
Qd2 g6 12. O-O Ndf6 13. f3 O-O 14. e4 Kh7 15. e5 Ne8 16. f4 Nhg7 17. Ng3 f5 18.
exf6 Qxf6 19. f5 gxf5 20. Nce2 Nd6 21. Rf4 Qg5 22. Raf1 Bd7 23. h4 Qe7 24. Qc2 Ne4 25. Bxe4 fxe4 26. Qb3 Rxf4 27. Rxf4 Be6 28. h5 Kg8 29.
Rf1 Rf8 30. Rxf8+ Kxf8 31. Nf4 Bf7 32. Nf1 Nxh5 33. Nxh5 Bxh5 34. Qh3 Qf7 35. Ne3 Bg6 36. Qc8+ Kg7 37. Qb8 a6 38. Ng4 Qe7 39. Ne5 e3 40. Kf1 Bh5 41. g4 e2+ 42. Kxe2 Bxg4+ 43. Kd2 Bh5 44. Qc8 Bg6 45. Qg4 Qe8 46. Kc3 h5 47. Qg3 Kh7 48. Nxg6 Qxg6 49. Qc7+ Qg7 50. Qf4 Qg6 51.
Qc7+ Qg7 52. Qf4 Kg8 53. Kb4 Qg4 54. Qb8+ Kh7 55. Qxb7+ Kg6 56. Kc5 h4 57. Qxc6+ Kh5 58. Qxd5+ Qg5 59. Qxg5+ Kxg5 60. d5 h3 61. d6 h2 62. d7 h1=Q 63. d8=Q+ Kf5 64. Qd5+ Qxd5+ 65. Kxd5 Kf6 66. Kc6 1-0

[Event "*** Titled Tuesday Blitz"]
[Site "Chess.com"]
[Date "2021.02.16"]
[Round "3"]
[White "Ajedrez_con_German"]
[Black "NovikovaGalina"]
[Result "1-0"]
[WhiteElo "2620"]
[BlackElo "2409"]
[TimeControl "180+1"]
[EndTime "10:32:16 PST"]
[Termination "Ajedrez_con_German won by checkmate"]

1. Nf3 d5 2. b3 Nf6 3. Bb2 c5 4. e3 Nc6 5. Bb5 a6 6. Bxc6+ bxc6 7. Ne5 Qc7 8. O-O Bf5 9. d3 e6 10. Nd2 Bd6 11. f4 h5 12. h3 g5 13. Nef3 gxf4 14. Bxf6 Rg8 15. Bg5 fxe3 16. Bxe3 Bxh3 17. Rf2 Bg3 18.
Re2 d4 19. Ne4 O-O-O 20. Bg5 Rd5 21. gxh3 Bf4 22. Rg2 Be3+ 23. Bxe3 Rxg2+ 24. Kxg2 dxe3 25. Qe2 Qf4 26. Re1 Rd8 27. Qxe3 Rg8+ 28. Neg5 Qd6 29. Qe5 Qe7 30. h4 Kb7 31. b4 Qd8 32. bxc5 f6 33.
Qxe6 fxg5 34. Qe7+ Kb8 35. Qxd8+ Rxd8 36. Nxg5 Rd4 37.
Re4 Rd5 38. d4 Rf5 39. c3 a5 40. Re5 Rf4 41. Nf3 Rg4+ 42. Kf2 Kb7 43. Rxh5 Ka6 44. a4 Rf4 45. Rg5 Re4 46. h5 Re6 47. Rg6 Re7 48.
Rxc6+ Kb7 49. Rb6+ Ka7 50. Rg6 Rh7 51. h6 Rh8 52. Ng5 Rf8+ 53. Kg3 Rh8 54. h7 Re8 55. Rg7+ Ka6 56. Rg6+ Ka7 57. Rg8 Re3+ 58. Kf2 Rxc3 59. h8=Q Kb7 60. Rb8+ Kc6 61. Qc8+ Kd5 62. Qd7+ Kc4 63. Qb5+ Kd5 64. c6+ Kxd4 65. Rd8# 1-0